Eagles vs Penguins (R1)

Created - November 8, 2024 at 19:26

Goals
1 2 3 T
Eagles 2 0 2 4
Penguins 1 0 1 2
Shots
1 2 3 T
Eagles 12 16 8 36
Penguins 11 12 9 32

1st period

1. Eagles , Gabriel Vilardi 2 (Keaton Middleton 1, Michael Carcone 2) at 0:29 (PP)
2. Penguins , Josh Ho-Sang 1 (Dakota Mermis 4, Matthew Finn 4) at 3:41
3. Eagles , Gabriel Vilardi 3 (Jared McCann 6) at 17:39

Penalties :
Denis Malgin (Wil) for Tripping (Minor) at 0:22, Brett Leason (Col) for Slashing (Minor) at 14:49

2nd period

No Goal

Penalties :
Matthew Boldy (Wil) for Cross-checking (Minor) at 4:25, Alexander Romanov (Wil) for Slashing (Minor) at 7:34, Sam Kurker (Wil) for Roughing (Minor) at 11:30, Mattias Samuelsson (Col) for High sticking (Minor) at 15:32, Matthew Boldy (Wil) for Roughing (Minor) at 19:01

3rd period

4. Eagles , Matteson Iacopelli 2 (Kevin Bahl 2, Jack Hughes 3) at 15:53
5. Eagles , Jared McCann 3 (Gabriel Vilardi 2, Michael Carcone 3) at 17:38 (PP)
6. Penguins , Eetu Luostarinen 8 (Denis Malgin 9, Dakota Mermis 5) at 17:53 (SH)

Penalties :
Brett Leason (Col) for Hooking (Minor) at 11:24, Jeff Malott (Wil) for Hooking (Minor) at 13:33, Alexander Romanov (Wil) for Tripping (Minor) at 17:32, Matthew Finn (Wil) for Slashing (Minor) at 17:43

Goalie Stats

Adin Hill (Col), 30 saves from 32 shots - (0.938), W, 3-3-0, 60:00 minutes
Anthony Stolarz (Wil), 32 saves from 36 shots - (0.889), L, 3-2-0, 60:00 minutes

Players Stats for Eagles

Player Name              G  A  P  +/- PIM S  H  SB GA TA FO     MP     PP MP  PK MP  
------------------------------------------------------------------------------------
Brett Leason             0  0  0   0  4   0  2  1  0  0  0/0     9:45   0:07   0:00 
Connor Carrick           0  0  0   1  0   3  1  1  0  1  0/0    17:57   0:00   3:24 
Gabriel Vilardi          2  1  3   0  0   4  3  1  0  0  1/1    17:05   5:54   0:13 
Jack Dougherty           0  0  0  -1  0   1  0  1  0  0  0/0    21:49   6:23   2:33 
Jack Hughes              0  1  1   0  0   0  0  0  1  0  6/17   18:53   6:06   1:23 
Jared McCann             1  1  2   0  0   3  3  1  0  0  15/24  19:59   5:54   3:07 
Jonathan Racine          0  0  0   1  0   1  1  2  0  2  0/0    20:31   5:44   0:43 
Keaton Middleton         0  1  1  -1  0   2  4  2  0  0  0/0    24:55   6:23   3:24 
Kevin Bahl               0  1  1   1  0   2  1  1  0  0  0/0    13:55   0:00   0:00 
Matteson Iacopelli       1  0  1   0  0   3  1  0  1  0  0/1    10:42   0:00   0:00 
Matthew Phillips         0  0  0   0  0   1  2  0  0  1  0/1    16:32   6:06   0:00 
Mattias Samuelsson       0  0  0  -1  2   0  1  1  0  0  0/0    21:02   5:44   1:50 
Michael Carcone          0  2  2   0  0   4  2  0  1  1  2/3    19:10   5:54   2:05 
Michael Dal Colle        0  0  0   0  0   4  0  0  0  0  1/1    11:29   0:00   1:44 
Pius Suter               0  0  0   0  0   3  0  0  1  0  0/0    16:44   6:13   0:03 
Sam Steel                0  0  0   0  0   2  0  0  1  0  5/7    10:14   0:00   0:13 
Tyler Motte              0  0  0   0  0   1  2  0  0  1  1/2    13:48   0:00   3:06 
Zach Aston-Reese         0  0  0   0  0   2  1  0  0  0  1/3     9:30   0:07   0:00 

Players Stats for Penguins

Player Name              G  A  P  +/- PIM S  H  SB GA TA FO     MP     PP MP  PK MP  
------------------------------------------------------------------------------------
Alexander Romanov        0  0  0   0  4   1  1  2  0  0  0/0    20:12   2:26   4:42 
Artemi Kniazev           0  0  0  -1  0   1  0  1  0  0  0/0    15:17   0:32   2:03 
Clayton Keller           0  0  0   0  0   6  2  0  1  0  3/5    19:18   3:19   3:47 
Dakota Mermis            0  2  2   2  0   1  1  3  1  1  0/0    25:54   2:59   6:30 
Denis Malgin             0  1  1   1  2   2  0  1  0  1  15/21  22:07   3:19   6:49 
Dmitry Voronkov          0  0  0   0  0   0  1  1  0  0  2/7     8:54   0:00   0:00 
Eetu Luostarinen         1  0  1   0  0   5  0  1  0  1  5/11   19:31   2:38   6:48 
Jeff Malott              0  0  0   0  2   2  0  0  0  0  0/0    11:57   0:00   0:59 
Jesper Boqvist           0  0  0   0  0   1  0  1  1  1  0/1    10:38   0:00   0:00 
Jesperi Kotkaniemi       0  0  0   0  0   3  2  0  0  0  2/7    13:31   0:00   2:32 
Josh Ho-Sang             1  0  1   0  0   3  0  0  0  0  0/0     8:54   0:00   0:00 
Marc Del Gaizo           0  0  0  -2  0   1  1  0  0  1  0/0    13:14   0:32   0:00 
Matthew Boldy            0  0  0   0  4   1  0  0  3  0  0/2    15:26   3:19   0:00 
Matthew Finn             0  1  1   1  2   0  0  1  0  0  0/0    24:33   2:59   5:10 
Noah Dobson              0  0  0   0  0   2  0  2  0  0  0/0    21:04   2:26   5:49 
Philipp Kurashev         0  0  0  -1  0   2  0  0  0  0  1/5    12:18   2:38   0:00 
Sam Kurker               0  0  0  -1  2   1  2  1  0  0  0/0    15:47   2:38   3:16 
Sampo Ranta              0  0  0   0  0   0  2  0  0  0  0/1     9:10   0:00   0:03 

3 Stars

1 - Gabriel Vilardi (Col)
2 - Jared McCann (Col)
3 - Dakota Mermis (Wil)

Power Play

Eagles - 2 on 8 Attempt(s) - 25.00%
Penguins - 0 on 3 Attempt(s) - 0.00%

Penalty Kill

Eagles - 3 on 3 Attempt(s) - 100.00% - Score 0 goal in Penalty Kill
Penguins - 6 on 8 Attempt(s) - 75.00% - Score 1 goal in Penalty Kill

Team Stat

Eagles - Hits : 24 - Faceoff Wins : 32 - Blocked Shots : 11 - Penalty Minutes : 6
Penguins - Hits : 12 - Faceoff Wins : 28 - Blocked Shots : 14 - Penalty Minutes : 16

Official

Referees : Beaudry Halkidis and Kevin Pollock
Linesman : David Brisebois and Tyson Baker

Game Notes

No Game Note

Finance

Level 1 -- Attendance: 1864 (93.20%) -- Ticket Income $130,480
Level 2 -- Attendance: 1000 (100.00%) -- Ticket Income $40,000
Total Attendance: 2864 (95.47%)
Total Ticket Income: $170,480
Other Income: $8,524
Total Income: $179,004

Eagles

5 vs 5 Forward 
   Center                   Left Wing                Right Wing               Time % Phy DF OF 
 1 Jared McCann             Michael Carcone          Gabriel Vilardi          35     1   2  2  
 2 Jack Hughes              Tyler Motte              Matteson Iacopelli       34     1   2  2  
 3 Sam Steel                Pius Suter               Matthew Phillips         21     1   2  2  
 4 Zach Aston-Reese         Michael Dal Colle        Brett Leason             10     1   2  2  

5 vs 5 Defense 
   Defense                  Defense                                           Time % Phy DF OF 
 1 Connor Carrick           Keaton Middleton                                  33     1   2  2  
 2 Jack Dougherty           Mattias Samuelsson                                32     1   2  2  
 3 Kevin Bahl               Jonathan Racine                                   30     1   3  1  
 4 Keaton Middleton         Mattias Samuelsson                                5      1   2  2  

PowerPlay Forward 
   Center                   Left Wing                Right Wing               Time % Phy DF OF 
 1 Jared McCann             Michael Carcone          Gabriel Vilardi          50     1   1  3  
 2 Jack Hughes              Pius Suter               Matthew Phillips         50     1   1  3  

PowerPlay Defense
   Defense                  Defense                                           Time % Phy DF OF 
 1 Jack Dougherty           Keaton Middleton                                  55     1   1  3  
 2 Jonathan Racine          Mattias Samuelsson                                45     1   1  3  

Penalty Kill 4 Players Forward 
   Center                   Wing                     Time % Phy DF OF 
 1 Jared McCann             Tyler Motte              65     1   3  1  
 2 Sam Steel                Gabriel Vilardi          35     1   3  1  

Penalty Kill 4 Players Defense
   Defense                  Defense                  Time % Phy DF OF 
 1 Keaton Middleton         Connor Carrick           65     1   3  1  
 2 Jack Dougherty           Mattias Samuelsson       35     1   3  1  

Penalty Kill - 3 Players Forward 
   Forward                                           Time % Phy DF OF 
 1 Jared McCann                                      65     1   4  0  
 2 Tyler Motte                                       35     1   4  0  

Penalty Kill - 3 Players Defense
   Defense                  Defense                  Time % Phy DF OF 
 1 Keaton Middleton         Connor Carrick           70     1   4  0  
 2 Jack Dougherty           Mattias Samuelsson       30     1   4  0  

4 vs 4 Forward 
   Center                   Wing                     Time % Phy DF OF 
 1 Jared McCann             Michael Carcone          50     1   2  2  
 2 Jack Hughes              Gabriel Vilardi          50     1   2  2  

4 vs 4 Defense
   Defense                  Defense                  Time % Phy DF OF 
 1 Connor Carrick           Jack Dougherty           50     1   2  2  
 2 Keaton Middleton         Jonathan Racine          50     1   2  2  

Last Minutes Offensive
   Center                   Left Wing                Right Wing               Defense                  Defense                  
   Jack Hughes              Michael Carcone          Gabriel Vilardi          Jack Dougherty           Keaton Middleton         

Last Minutes Defensive
   Center                   Left Wing                Right Wing               Defense                  Defense                  
   Jared McCann             Tyler Motte              Gabriel Vilardi          Connor Carrick           Keaton Middleton         

Goaltenders
Starting : Adin Hill                
Backup : Daniel Altshuller        

Extra Forwards
Normal : Zach Aston-Reese, Brett Leason, Michael Dal Colle - PP : Zach Aston-Reese, Brett Leason - PK : Michael Carcone
Extra Defensemen
Normal : Kevin Bahl, Jonathan Racine, Mattias Samuelsson - PP : Connor Carrick - PK : Jonathan Racine, Kevin Bahl
Penalty Shots
Jack Hughes, Gabriel Vilardi, Jared McCann, Pius Suter, Brett Leason
Custom OT Lines Forwards
Jared McCann, Michael Carcone, Zach Aston-Reese, Tyler Motte, Gabriel Vilardi, Sam Steel, Jack Hughes, Matteson Iacopelli, Pius Suter, Michael Dal Colle
Custom OT Lines Defensemen
Connor Carrick, Jack Dougherty, Keaton Middleton, Jonathan Racine, Mattias Samuelsson

Scratches
Chris Calhan (Healthy), Dominik Kubalik (Healthy), Mark Friedman (Healthy), Tyler Tucker (Healthy), Xavier Ouellet (Healthy)
Alexander Nylander (Healthy), Max Lajoie (Healthy), Pascal Laberge (Healthy), Marian Studenic (Healthy), Ilya Nikolaev (Healthy)
Santeri Hatakka (Healthy), Jacob Leguerrier (Healthy), Elmer Soderblom (Healthy), Zachary Emond (Healthy), Linus Ullmark (Healthy)
Hugo Alnefelt (Healthy)

Penguins

5 vs 5 Forward 
   Center                   Left Wing                Right Wing               Time % Phy DF OF 
 1 Denis Malgin             Matthew Boldy            Clayton Keller           40     1   2  2  
 2 Philipp Kurashev         Eetu Luostarinen         Sam Kurker               30     1   2  2  
 3 Jesperi Kotkaniemi       Jeff Malott              Jesper Boqvist           20     1   2  2  
 4 Dmitry Voronkov          Sampo Ranta              Josh Ho-Sang             10     1   2  2  

5 vs 5 Defense 
   Defense                  Defense                                           Time % Phy DF OF 
 1 Dakota Mermis            Matthew Finn                                      40     1   2  2  
 2 Alexander Romanov        Noah Dobson                                       30     1   2  2  
 3 Marc Del Gaizo           Artemi Kniazev                                    20     1   2  2  
 4 Dakota Mermis            Matthew Finn                                      10     1   2  2  

PowerPlay Forward 
   Center                   Left Wing                Right Wing               Time % Phy DF OF 
 1 Denis Malgin             Matthew Boldy            Clayton Keller           60     1   2  2  
 2 Philipp Kurashev         Eetu Luostarinen         Sam Kurker               40     1   2  2  

PowerPlay Defense
   Defense                  Defense                                           Time % Phy DF OF 
 1 Dakota Mermis            Matthew Finn                                      60     1   2  2  
 2 Alexander Romanov        Noah Dobson                                       40     1   2  2  

Penalty Kill 4 Players Forward 
   Center                   Wing                     Time % Phy DF OF 
 1 Eetu Luostarinen         Denis Malgin             60     1   2  2  
 2 Clayton Keller           Sam Kurker               40     1   2  2  

Penalty Kill 4 Players Defense
   Defense                  Defense                  Time % Phy DF OF 
 1 Dakota Mermis            Matthew Finn             60     1   2  2  
 2 Alexander Romanov        Noah Dobson              40     1   2  2  

Penalty Kill - 3 Players Forward 
   Forward                                           Time % Phy DF OF 
 1 Eetu Luostarinen                                  60     1   2  2  
 2 Denis Malgin                                      40     1   2  2  

Penalty Kill - 3 Players Defense
   Defense                  Defense                  Time % Phy DF OF 
 1 Dakota Mermis            Matthew Finn             60     1   2  2  
 2 Alexander Romanov        Noah Dobson              40     1   2  2  

4 vs 4 Forward 
   Center                   Wing                     Time % Phy DF OF 
 1 Eetu Luostarinen         Denis Malgin             60     1   2  2  
 2 Clayton Keller           Sam Kurker               40     1   2  2  

4 vs 4 Defense
   Defense                  Defense                  Time % Phy DF OF 
 1 Dakota Mermis            Matthew Finn             60     1   2  2  
 2 Alexander Romanov        Noah Dobson              40     1   2  2  

Last Minutes Offensive
   Center                   Left Wing                Right Wing               Defense                  Defense                  
   Denis Malgin             Eetu Luostarinen         Clayton Keller           Dakota Mermis            Matthew Finn             

Last Minutes Defensive
   Center                   Left Wing                Right Wing               Defense                  Defense                  
   Denis Malgin             Eetu Luostarinen         Clayton Keller           Dakota Mermis            Matthew Finn             

Goaltenders
Starting : Anthony Stolarz          
Backup : Zachary Bouthillier      

Extra Forwards
Normal : Matthew Boldy, Jesper Boqvist, Jesperi Kotkaniemi - PP : Matthew Boldy, Jesper Boqvist - PK : Jesperi Kotkaniemi
Extra Defensemen
Normal : Marc Del Gaizo, Artemi Kniazev, Alexander Romanov - PP : Marc Del Gaizo - PK : Artemi Kniazev, Alexander Romanov
Penalty Shots
Eetu Luostarinen, Denis Malgin, Clayton Keller, Sam Kurker, Philipp Kurashev
Custom OT Lines Forwards
Eetu Luostarinen, Denis Malgin, Clayton Keller, Sam Kurker, Philipp Kurashev, Jeff Malott, Matthew Boldy, Jesper Boqvist, Jesperi Kotkaniemi, Josh Ho-Sang
Custom OT Lines Defensemen
Dakota Mermis, Matthew Finn, Alexander Romanov, Noah Dobson, Marc Del Gaizo

Scratches
Juuso Ikonen (Healthy), Kevin Stenlund (Healthy), Austin Strand (Healthy), Ryan MacInnis (Healthy), Adam Brooks (Healthy)
Shawn Boudrias (Healthy), Ryan Johnson (Healthy), Nolan Foote (Healthy), Valtteri Puustinen (Healthy), Spencer Knight (Sprained Left Finger Injury)

% Time on Ice - Eagles

Lines # - Real PCT - Wanted PCT - Time Play
Normal Forward
1 - 28% - 35% - 11:40
2 - 27% - 34% - 11:09
3 - 24% - 21% - 10:01
4 - 22% - 10% - 9:06
Normal Defense
1 - 35% - 33% - 14:42
2 - 34% - 32% - 14:16
3 - 30% - 30% - 12:32
4 - 1% - 5% - 0:26
PP Forward
1 - 49% - 50% - 5:54
2 - 51% - 50% - 6:13
PP Defense
1 - 53% - 55% - 6:23
2 - 47% - 45% - 5:44
PK Forward
1 - 96% - 65% - 5:44
2 - 4% - 35% - 0:13
PK Defense
1 - 57% - 65% - 3:24
2 - 43% - 35% - 2:33
PK3 Forward
1 - 0% - 65%
2 - 0% - 35%
PK3 Defense
1 - 0% - 70%
2 - 0% - 30%
44 Forward
1 - 0% - 50%
2 - 0% - 50%
44 Defense
1 - 0% - 50%
2 - 0% - 50%
Last Minute Offensive  - 0:00
Last Minute Defensive  - 0:00
Total
Forward - 60:00
Defense - 60:00

% Time on Ice - Penguins

Lines # - Real PCT - Wanted PCT - Time Play
Normal Forward
1 - 30% - 40% - 12:39
2 - 24% - 30% - 9:54
3 - 25% - 20% - 10:29
4 - 21% - 10% - 8:54
Normal Defense
1 - 33% - 40% - 13:59
2 - 31% - 30% - 12:49
3 - 30% - 20% - 12:40
4 - 6% - 10% - 2:28
PP Forward
1 - 56% - 60% - 3:19
2 - 44% - 40% - 2:38
PP Defense
1 - 59% - 60% - 3:31
2 - 41% - 40% - 2:26
PK Forward
1 - 69% - 60% - 8:20
2 - 31% - 40% - 3:47
PK Defense
1 - 54% - 60% - 6:36
2 - 46% - 40% - 5:31
PK3 Forward
1 - 0% - 60%
2 - 0% - 40%
PK3 Defense
1 - 0% - 60%
2 - 0% - 40%
44 Forward
1 - 0% - 60%
2 - 0% - 40%
44 Defense
1 - 0% - 60%
2 - 0% - 40%
Last Minute Offensive  - 0:00
Last Minute Defensive  - 0:00
Total
Forward - 60:00
Defense - 60:00

Play-by-Play

1st period


0:01 of 1st period - Denis Malgin wins face-off versus Michael Carcone in neutral zone.
0:16 of 1st period - Snap shot by Gabriel Vilardi.
0:16 of 1st period - Shot Misses the Net.
0:22 of 1st period - Minor Penalty to Denis Malgin for Tripping.
0:23 of 1st period - Jared McCann wins face-off versus Eetu Luostarinen in Penguins zone.
0:29 of 1st period - Snap shot by Gabriel Vilardi.
0:29 of 1st period - Goal by Gabriel Vilardi - Eagles : 1 - Penguins : 0.
0:30 of 1st period - Philipp Kurashev wins face-off versus Jack Hughes in neutral zone.
1:22 of 1st period - Snap shot by Clayton Keller.
1:22 of 1st period - Shot Blocked by Kevin Bahl.
1:51 of 1st period - Slapshot by Matteson Iacopelli.
1:51 of 1st period - Shot Misses the Net.
1:53 of 1st period - Snap shot by Tyler Motte.
1:53 of 1st period - Stopped by Anthony Stolarz with a rebound.
2:08 of 1st period - Marc Del Gaizo is hit by Michael Carcone.
2:28 of 1st period - Wrist shot by Jeff Malott.
2:28 of 1st period - Deflect By Keaton Middleton.
2:28 of 1st period - Shot Misses the Net.
2:28 of 1st period - Puck is out of play.
2:29 of 1st period - Tyler Motte wins face-off versus Jesper Boqvist in Eagles zone.
2:29 of 1st period - Tyler Motte is hit by Jesperi Kotkaniemi.
2:47 of 1st period - Snap shot by Jesper Boqvist.
2:47 of 1st period - Deflect By Jeff Malott.
2:47 of 1st period - Shot Misses the Net.
2:47 of 1st period - Puck is out of play.
2:48 of 1st period - Denis Malgin wins face-off versus Jared McCann in Eagles zone.
3:04 of 1st period - Snap shot by Gabriel Vilardi.
3:04 of 1st period - Stopped by Anthony Stolarz with a rebound.
3:14 of 1st period - Pius Suter is hit by Dakota Mermis and loses puck.
3:41 of 1st period - Snap shot by Dakota Mermis.
3:41 of 1st period - Deflect By Josh Ho-Sang.
3:41 of 1st period - Goal by Josh Ho-Sang - Eagles : 1 - Penguins : 1.
3:42 of 1st period - Jared McCann wins face-off versus Denis Malgin in neutral zone.
3:55 of 1st period - Wrist shot by Jared McCann.
3:55 of 1st period - Shot Misses the Net.
3:57 of 1st period - Wrist shot by Jared McCann.
3:57 of 1st period - Shot Misses the Net.
4:11 of 1st period - Wrist shot by Zach Aston-Reese.
4:11 of 1st period - Stopped by Anthony Stolarz without a rebound.
4:12 of 1st period - Jack Hughes wins face-off versus Philipp Kurashev in Penguins zone.
4:19 of 1st period - Backhand shot by Matteson Iacopelli.
4:19 of 1st period - Stopped by Anthony Stolarz with a rebound.
4:39 of 1st period - Wrist shot by Philipp Kurashev.
4:39 of 1st period - Shot Misses the Net.
4:41 of 1st period - Wrist shot by Marc Del Gaizo.
4:41 of 1st period - Shot Misses the Net.
4:43 of 1st period - Slapshot by Eetu Luostarinen.
4:43 of 1st period - Shot Misses the Net.
4:53 of 1st period - Wrist shot by Eetu Luostarinen.
4:53 of 1st period - Stopped by Adin Hill with a rebound.
4:55 of 1st period - Snap shot by Eetu Luostarinen.
4:55 of 1st period - Shot Misses the Net.
4:57 of 1st period - Slapshot by Artemi Kniazev.
4:57 of 1st period - Stopped by Adin Hill with a rebound.
4:59 of 1st period - Slapshot by Noah Dobson.
4:59 of 1st period - Stopped by Adin Hill without a rebound.
5:00 of 1st period - Jared McCann wins face-off versus Denis Malgin in Eagles zone.
5:14 of 1st period - Wrist shot by Jared McCann.
5:14 of 1st period - Shot Misses the Net.
5:16 of 1st period - Slapshot by Connor Carrick.
5:16 of 1st period - Shot Misses the Net.
6:08 of 1st period - Off-side.
6:09 of 1st period - Michael Carcone wins face-off versus Denis Malgin in neutral zone.
7:00 of 1st period - Snap shot by Eetu Luostarinen.
7:00 of 1st period - Shot Misses the Net.
7:22 of 1st period - Snap shot by Michael Carcone.
7:22 of 1st period - Shot Misses the Net.
8:37 of 1st period - Off-side.
8:38 of 1st period - Jared McCann wins face-off versus Dmitry Voronkov in neutral zone.
9:03 of 1st period - Connor Carrick is hit by Clayton Keller and loses puck.
9:31 of 1st period - Snap shot by Eetu Luostarinen.
9:31 of 1st period - Stopped by Adin Hill with a rebound.
9:33 of 1st period - Wrist shot by Eetu Luostarinen.
9:33 of 1st period - Stopped by Adin Hill with a rebound.
9:35 of 1st period - Wrist shot by Eetu Luostarinen.
9:35 of 1st period - Deflect By Sam Kurker.
9:35 of 1st period - Stopped by Adin Hill with a rebound.
9:51 of 1st period - Snap shot by Jesper Boqvist.
9:51 of 1st period - Stopped by Adin Hill without a rebound.
9:52 of 1st period - Jared McCann wins face-off versus Jesperi Kotkaniemi in Eagles zone.
10:01 of 1st period - Slapshot by Michael Carcone.
10:01 of 1st period - Stopped by Anthony Stolarz without a rebound.
10:02 of 1st period - Denis Malgin wins face-off versus Jared McCann in Penguins zone.
10:28 of 1st period - Connor Carrick is hit by Sam Kurker and loses puck.
10:49 of 1st period - Snap shot by Philipp Kurashev.
10:49 of 1st period - Stopped by Adin Hill with a rebound.
10:55 of 1st period - Snap shot by Jesper Boqvist.
10:55 of 1st period - Shot Misses the Net.
11:06 of 1st period - Icing by Matthew Finn.
11:07 of 1st period - Michael Dal Colle wins face-off versus Jesperi Kotkaniemi in Penguins zone.
11:58 of 1st period - Slapshot by Sam Steel.
11:58 of 1st period - Stopped by Anthony Stolarz with a rebound.
12:00 of 1st period - Slapshot by Connor Carrick.
12:00 of 1st period - Stopped by Anthony Stolarz with a rebound.
12:02 of 1st period - Wrist shot by Keaton Middleton.
12:02 of 1st period - Shot Blocked by Jesper Boqvist.
12:04 of 1st period - Wrist shot by Keaton Middleton.
12:04 of 1st period - Stopped by Anthony Stolarz with a rebound.
12:06 of 1st period - Slapshot by Connor Carrick.
12:06 of 1st period - Stopped by Anthony Stolarz without a rebound.
12:07 of 1st period - Denis Malgin wins face-off versus Jack Hughes in Penguins zone.
12:07 of 1st period - Denis Malgin is hit by Matteson Iacopelli.
12:57 of 1st period - Pius Suter is hit by Marc Del Gaizo and loses puck.
13:28 of 1st period - Artemi Kniazev is hit by Jonathan Racine and loses puck.
13:48 of 1st period - Marc Del Gaizo is hit by Tyler Motte and loses puck.
14:49 of 1st period - Minor Penalty to Brett Leason for Slashing.
14:50 of 1st period - Denis Malgin wins face-off versus Jared McCann in Eagles zone.
14:55 of 1st period - Wrist shot by Clayton Keller.
14:55 of 1st period - Shot Misses the Net.
14:57 of 1st period - Snap shot by Clayton Keller.
14:57 of 1st period - Shot Misses the Net.
15:05 of 1st period - Wrist shot by Clayton Keller.
15:05 of 1st period - Stopped by Adin Hill with a rebound.
16:35 of 1st period - Snap shot by Gabriel Vilardi.
16:35 of 1st period - Shot Misses the Net.
16:49 of 1st period - Penalty to Brett Leason is over, Brett Leason is back on ice.
17:05 of 1st period - Snap shot by Michael Dal Colle.
17:05 of 1st period - Stopped by Anthony Stolarz without a rebound.
17:06 of 1st period - Jesperi Kotkaniemi wins face-off versus Matthew Phillips in Penguins zone.
17:31 of 1st period - Marc Del Gaizo is hit by Gabriel Vilardi and loses puck.
17:37 of 1st period - Icing by Marc Del Gaizo.
17:38 of 1st period - Jared McCann wins face-off versus Dmitry Voronkov in Penguins zone.
17:39 of 1st period - Slapshot by Gabriel Vilardi.
17:39 of 1st period - Goal by Gabriel Vilardi - Eagles : 2 - Penguins : 1.
17:40 of 1st period - Clayton Keller wins face-off versus Jack Hughes in neutral zone.
17:40 of 1st period - Clayton Keller is hit by Tyler Motte.
18:39 of 1st period - Snap shot by Jesper Boqvist.
18:39 of 1st period - Shot Misses the Net.
18:41 of 1st period - Slapshot by Noah Dobson.
18:41 of 1st period - Stopped by Adin Hill without a rebound.
18:42 of 1st period - Denis Malgin wins face-off versus Matteson Iacopelli in Eagles zone.
19:07 of 1st period - Kevin Bahl is hit by Sam Kurker and loses puck.
Goals for this period are 2 for Eagles vs 1 for Penguins.
Shots for this period are 12 for Eagles vs 11 for Penguins.

2nd period


0:01 of 2nd period - Jack Hughes wins face-off versus Denis Malgin in neutral zone.
0:33 of 2nd period - Keaton Middleton is hit by Alexander Romanov.
0:45 of 2nd period - Slapshot by Connor Carrick.
0:45 of 2nd period - Shot Blocked by Noah Dobson.
1:50 of 2nd period - Eetu Luostarinen is hit by Gabriel Vilardi and loses puck.
2:05 of 2nd period - Snap shot by Matteson Iacopelli.
2:05 of 2nd period - Stopped by Anthony Stolarz with a rebound.
2:31 of 2nd period - Slapshot by Clayton Keller.
2:31 of 2nd period - Deflect By Denis Malgin.
2:31 of 2nd period - Stopped by Adin Hill with a rebound.
2:43 of 2nd period - Dakota Mermis is hit by Gabriel Vilardi and loses puck.
3:00 of 2nd period - Snap shot by Eetu Luostarinen.
3:00 of 2nd period - Stopped by Adin Hill with a rebound.
3:02 of 2nd period - Snap shot by Philipp Kurashev.
3:02 of 2nd period - Shot Blocked by Keaton Middleton.
3:04 of 2nd period - Snap shot by Artemi Kniazev.
3:04 of 2nd period - Shot Misses the Net.
3:06 of 2nd period - Slapshot by Philipp Kurashev.
3:06 of 2nd period - Stopped by Adin Hill with a rebound.
3:08 of 2nd period - Snap shot by Eetu Luostarinen.
3:08 of 2nd period - Shot Blocked by Keaton Middleton.
3:22 of 2nd period - Keaton Middleton is hit by Clayton Keller and loses puck.
3:39 of 2nd period - Jesper Boqvist is hit by Michael Carcone and loses puck.
4:20 of 2nd period - Off-side.
4:21 of 2nd period - Jack Hughes wins face-off versus Matthew Boldy in neutral zone.
4:25 of 2nd period - Minor Penalty to Matthew Boldy for Cross-checking.
4:26 of 2nd period - Jack Hughes wins face-off versus Eetu Luostarinen in Penguins zone.
4:52 of 2nd period - Dakota Mermis is hit by Keaton Middleton.
4:56 of 2nd period - Wrist shot by Gabriel Vilardi.
4:56 of 2nd period - Shot Hit the Post.
4:58 of 2nd period - Slapshot by Jonathan Racine.
4:58 of 2nd period - Stopped by Anthony Stolarz with a rebound.
6:25 of 2nd period - Penalty to Matthew Boldy is over, Matthew Boldy is back on ice.
6:35 of 2nd period - Snap shot by Eetu Luostarinen.
6:35 of 2nd period - Deflect By Denis Malgin.
6:35 of 2nd period - Shot Misses the Net.
6:35 of 2nd period - Puck is out of play.
6:36 of 2nd period - Zach Aston-Reese wins face-off versus Dmitry Voronkov in Eagles zone.
6:55 of 2nd period - Sampo Ranta is hit by Zach Aston-Reese and loses puck.
7:34 of 2nd period - Minor Penalty to Alexander Romanov for Slashing.
7:35 of 2nd period - Eetu Luostarinen wins face-off versus Jared McCann in Penguins zone.
8:32 of 2nd period - Snap shot by Jack Hughes.
8:32 of 2nd period - Shot Misses the Net.
8:38 of 2nd period - Snap shot by Matthew Phillips.
8:38 of 2nd period - Stopped by Anthony Stolarz with a rebound.
8:40 of 2nd period - Snap shot by Matthew Phillips.
8:40 of 2nd period - Shot Misses the Net.
8:42 of 2nd period - Snap shot by Jonathan Racine.
8:42 of 2nd period - Shot Blocked by Sam Kurker.
9:34 of 2nd period - Penalty to Alexander Romanov is over, Alexander Romanov is back on ice.
9:46 of 2nd period - Snap shot by Pius Suter.
9:46 of 2nd period - Stopped by Anthony Stolarz with a rebound.
9:48 of 2nd period - Wrist shot by Pius Suter.
9:48 of 2nd period - Shot Blocked by Dakota Mermis.
9:50 of 2nd period - Slapshot by Jonathan Racine.
9:50 of 2nd period - Deflect By Matthew Phillips.
9:50 of 2nd period - Shot Misses the Net.
9:50 of 2nd period - Puck is out of play.
9:51 of 2nd period - Jared McCann wins face-off versus Dmitry Voronkov in Penguins zone.
9:52 of 2nd period - Slapshot by Michael Carcone.
9:52 of 2nd period - Stopped by Anthony Stolarz with a rebound.
10:19 of 2nd period - Clayton Keller is hit by Connor Carrick and loses puck.
10:24 of 2nd period - Slapshot by Connor Carrick.
10:24 of 2nd period - Deflect By Matthew Boldy.
10:24 of 2nd period - Stopped by Anthony Stolarz with a rebound.
10:48 of 2nd period - Wrist shot by Jesperi Kotkaniemi.
10:48 of 2nd period - Stopped by Adin Hill without a rebound.
10:49 of 2nd period - Jared McCann wins face-off versus Jesperi Kotkaniemi in Eagles zone.
11:30 of 2nd period - Minor Penalty to Sam Kurker for Roughing.
11:31 of 2nd period - Jared McCann wins face-off versus Eetu Luostarinen in Penguins zone.
11:40 of 2nd period - Snap shot by Gabriel Vilardi.
11:40 of 2nd period - Stopped by Anthony Stolarz without a rebound.
11:41 of 2nd period - Gabriel Vilardi wins face-off versus Eetu Luostarinen in Penguins zone.
11:50 of 2nd period - Wrist shot by Jared McCann.
11:50 of 2nd period - Stopped by Anthony Stolarz with a rebound.
11:52 of 2nd period - Wrist shot by Jared McCann.
11:52 of 2nd period - Shot Blocked by Dakota Mermis.
11:54 of 2nd period - Slapshot by Michael Carcone.
11:54 of 2nd period - Stopped by Anthony Stolarz with a rebound.
11:56 of 2nd period - Wrist shot by Gabriel Vilardi.
11:56 of 2nd period - Deflect By Jared McCann.
11:56 of 2nd period - Stopped by Anthony Stolarz with a rebound.
11:58 of 2nd period - Snap shot by Gabriel Vilardi.
11:58 of 2nd period - Shot Misses the Net.
12:00 of 2nd period - Snap shot by Gabriel Vilardi.
12:00 of 2nd period - Shot Misses the Net.
12:02 of 2nd period - Slapshot by Jack Dougherty.
12:02 of 2nd period - Shot Blocked by Matthew Finn.
12:04 of 2nd period - Slapshot by Keaton Middleton.
12:04 of 2nd period - Stopped by Anthony Stolarz with a rebound.
12:12 of 2nd period - Wrist shot by Gabriel Vilardi.
12:12 of 2nd period - Shot Blocked by Dakota Mermis.
12:14 of 2nd period - Slapshot by Keaton Middleton.
12:14 of 2nd period - Shot Blocked by Eetu Luostarinen.
12:16 of 2nd period - Slapshot by Michael Carcone.
12:16 of 2nd period - Stopped by Anthony Stolarz without a rebound.
12:17 of 2nd period - Jack Hughes wins face-off versus Eetu Luostarinen in Penguins zone.
12:58 of 2nd period - Jesperi Kotkaniemi is hit by Jared McCann and loses puck.
13:30 of 2nd period - Penalty to Sam Kurker is over, Sam Kurker is back on ice.
13:37 of 2nd period - Wrist shot by Zach Aston-Reese.
13:37 of 2nd period - Deflect By Michael Dal Colle.
13:37 of 2nd period - Stopped by Anthony Stolarz with a rebound.
13:39 of 2nd period - Slapshot by Kevin Bahl.
13:39 of 2nd period - Stopped by Anthony Stolarz with a rebound.
13:41 of 2nd period - Snap shot by Brett Leason.
13:41 of 2nd period - Shot Misses the Net.
13:43 of 2nd period - Snap shot by Michael Dal Colle.
13:43 of 2nd period - Stopped by Anthony Stolarz without a rebound.
13:44 of 2nd period - Dmitry Voronkov wins face-off versus Zach Aston-Reese in Penguins zone.
13:53 of 2nd period - Michael Dal Colle is hit by Sampo Ranta and loses puck.
14:02 of 2nd period - Artemi Kniazev is hit by Keaton Middleton and loses puck.
14:11 of 2nd period - Slapshot by Zach Aston-Reese.
14:11 of 2nd period - Shot Misses the Net.
14:21 of 2nd period - Slapshot by Josh Ho-Sang.
14:21 of 2nd period - Stopped by Adin Hill with a rebound.
14:23 of 2nd period - Slapshot by Marc Del Gaizo.
14:23 of 2nd period - Stopped by Adin Hill with a rebound.
14:25 of 2nd period - Snap shot by Marc Del Gaizo.
14:25 of 2nd period - Deflect By Sampo Ranta.
14:25 of 2nd period - Shot Blocked by Jack Dougherty.
14:25 of 2nd period - Puck is out of play.
14:26 of 2nd period - Denis Malgin wins face-off versus Jack Hughes in Eagles zone.
14:27 of 2nd period - Snap shot by Clayton Keller.
14:27 of 2nd period - Stopped by Adin Hill with a rebound.
15:32 of 2nd period - Minor Penalty to Mattias Samuelsson for High sticking.
15:33 of 2nd period - Denis Malgin wins face-off versus Jared McCann in Eagles zone.
15:36 of 2nd period - Snap shot by Matthew Boldy.
15:36 of 2nd period - Deflect By Denis Malgin.
15:36 of 2nd period - Stopped by Adin Hill with a rebound.
15:38 of 2nd period - Slapshot by Noah Dobson.
15:38 of 2nd period - Shot Hit the Post.
15:40 of 2nd period - Slapshot by Noah Dobson.
15:40 of 2nd period - Deflect By Denis Malgin.
15:40 of 2nd period - Shot Blocked by Jared McCann.
15:40 of 2nd period - Puck is out of play.
15:41 of 2nd period - Denis Malgin wins face-off versus Tyler Motte in Eagles zone.
15:59 of 2nd period - Snap shot by Alexander Romanov.
15:59 of 2nd period - Shot Misses the Net.
16:01 of 2nd period - Wrist shot by Alexander Romanov.
16:01 of 2nd period - Deflect By Connor Carrick.
16:01 of 2nd period - Stopped by Adin Hill with a rebound.
16:27 of 2nd period - Snap shot by Denis Malgin.
16:27 of 2nd period - Shot Misses the Net.
16:51 of 2nd period - Wrist shot by Clayton Keller.
16:51 of 2nd period - Shot Misses the Net.
16:53 of 2nd period - Slapshot by Noah Dobson.
16:53 of 2nd period - Deflect By Matthew Boldy.
16:53 of 2nd period - Shot Misses the Net.
16:53 of 2nd period - Puck is out of play.
16:54 of 2nd period - Jared McCann wins face-off versus Philipp Kurashev in Eagles zone.
17:32 of 2nd period - Penalty to Mattias Samuelsson is over, Mattias Samuelsson is back on ice.
18:14 of 2nd period - Slapshot by Josh Ho-Sang.
18:14 of 2nd period - Stopped by Adin Hill without a rebound.
18:15 of 2nd period - Sam Steel wins face-off versus Sampo Ranta in Eagles zone.
18:15 of 2nd period - Sam Steel is hit by Dmitry Voronkov.
18:21 of 2nd period - Slapshot by Jack Dougherty.
18:21 of 2nd period - Shot Blocked by Noah Dobson.
18:23 of 2nd period - Wrist shot by Sam Steel.
18:23 of 2nd period - Shot Blocked by Alexander Romanov.
18:25 of 2nd period - Snap shot by Pius Suter.
18:25 of 2nd period - Stopped by Anthony Stolarz with a rebound.
18:27 of 2nd period - Snap shot by Matthew Phillips.
18:27 of 2nd period - Shot Blocked by Alexander Romanov.
18:41 of 2nd period - Dmitry Voronkov is hit by Jared McCann and loses puck.
18:52 of 2nd period - Slapshot by Dakota Mermis.
18:52 of 2nd period - Stopped by Adin Hill without a rebound.
18:53 of 2nd period - Denis Malgin wins face-off versus Jack Hughes in Eagles zone.
18:54 of 2nd period - Slapshot by Matthew Boldy.
18:54 of 2nd period - Deflect By Clayton Keller.
18:54 of 2nd period - Stopped by Adin Hill without a rebound.
18:55 of 2nd period - Denis Malgin wins face-off versus Jack Hughes in Eagles zone.
19:01 of 2nd period - Minor Penalty to Matthew Boldy for Roughing.
19:02 of 2nd period - Eetu Luostarinen wins face-off versus Jared McCann in Penguins zone.
19:02 of 2nd period - Eetu Luostarinen is hit by Jared McCann.
Goals for this period are 0 for Eagles vs 0 for Penguins.
Shots for this period are 16 for Eagles vs 12 for Penguins.

3rd period


0:01 of 3rd period - Eetu Luostarinen wins face-off versus Jared McCann in neutral zone.
0:04 of 3rd period - Snap shot by Matthew Finn.
0:04 of 3rd period - Shot Misses the Net.
1:01 of 3rd period - Penalty to Matthew Boldy is over, Matthew Boldy is back on ice.
1:18 of 3rd period - Slapshot by Matthew Finn.
1:18 of 3rd period - Shot Blocked by Brett Leason.
1:20 of 3rd period - Wrist shot by Matthew Finn.
1:20 of 3rd period - Shot Blocked by Jonathan Racine.
2:19 of 3rd period - Snap shot by Philipp Kurashev.
2:19 of 3rd period - Shot Blocked by Connor Carrick.
2:29 of 3rd period - Zach Aston-Reese is hit by Sampo Ranta and loses puck.
2:40 of 3rd period - Josh Ho-Sang is hit by Brett Leason and loses puck.
2:57 of 3rd period - Backhand shot by Zach Aston-Reese.
2:57 of 3rd period - Stopped by Anthony Stolarz with a rebound.
3:36 of 3rd period - Off-side.
3:37 of 3rd period - Denis Malgin wins face-off versus Jack Hughes in neutral zone.
4:09 of 3rd period - Matthew Finn is hit by Mattias Samuelsson and loses puck.
4:33 of 3rd period - Slapshot by Alexander Romanov.
4:33 of 3rd period - Shot Blocked by Gabriel Vilardi.
4:45 of 3rd period - Snap shot by Michael Carcone.
4:45 of 3rd period - Shot Misses the Net.
4:47 of 3rd period - Slapshot by Jack Dougherty.
4:47 of 3rd period - Shot Blocked by Denis Malgin.
4:49 of 3rd period - Snap shot by Jack Dougherty.
4:49 of 3rd period - Stopped by Anthony Stolarz without a rebound.
4:50 of 3rd period - Sam Steel wins face-off versus Philipp Kurashev in Penguins zone.
5:29 of 3rd period - Wrist shot by Matthew Boldy.
5:29 of 3rd period - Stopped by Adin Hill with a rebound.
5:41 of 3rd period - Snap shot by Jesperi Kotkaniemi.
5:41 of 3rd period - Stopped by Adin Hill without a rebound.
5:42 of 3rd period - Jesperi Kotkaniemi wins face-off versus Jack Hughes in Eagles zone.
5:43 of 3rd period - Wrist shot by Jeff Malott.
5:43 of 3rd period - Stopped by Adin Hill without a rebound.
5:44 of 3rd period - Denis Malgin wins face-off versus Jack Hughes in Eagles zone.
6:29 of 3rd period - Off-side.
6:30 of 3rd period - Michael Carcone wins face-off versus Dmitry Voronkov in neutral zone.
6:55 of 3rd period - Sampo Ranta is hit by Kevin Bahl and loses puck.
7:04 of 3rd period - Wrist shot by Zach Aston-Reese.
7:04 of 3rd period - Shot Blocked by Dmitry Voronkov.
7:44 of 3rd period - Alexander Romanov is hit by Keaton Middleton.
8:14 of 3rd period - Icing by Matteson Iacopelli.
8:15 of 3rd period - Denis Malgin wins face-off versus Jack Hughes in Eagles zone.
9:18 of 3rd period - Icing by Sampo Ranta.
9:19 of 3rd period - Dmitry Voronkov wins face-off versus Zach Aston-Reese in Penguins zone.
9:19 of 3rd period - Dmitry Voronkov is hit by Brett Leason.
10:12 of 3rd period - Tyler Motte is hit by Jesperi Kotkaniemi and loses puck.
10:30 of 3rd period - Backhand shot by Jesper Boqvist.
10:30 of 3rd period - Shot Misses the Net.
10:32 of 3rd period - Slapshot by Jesper Boqvist.
10:32 of 3rd period - Shot Misses the Net.
10:34 of 3rd period - Slapshot by Jesperi Kotkaniemi.
10:34 of 3rd period - Stopped by Adin Hill with a rebound.
11:24 of 3rd period - Minor Penalty to Brett Leason for Hooking.
11:25 of 3rd period - Clayton Keller wins face-off versus Jared McCann in Eagles zone.
12:09 of 3rd period - Snap shot by Clayton Keller.
12:09 of 3rd period - Shot Blocked by Mattias Samuelsson.
13:24 of 3rd period - Penalty to Brett Leason is over, Brett Leason is back on ice.
13:33 of 3rd period - Minor Penalty to Jeff Malott for Hooking.
13:34 of 3rd period - Eetu Luostarinen wins face-off versus Jack Hughes in Penguins zone.
14:07 of 3rd period - Off-side.
14:08 of 3rd period - Jared McCann wins face-off versus Clayton Keller in neutral zone.
14:35 of 3rd period - Denis Malgin is hit by Keaton Middleton and loses puck.
15:33 of 3rd period - Penalty to Jeff Malott is over, Jeff Malott is back on ice.
15:37 of 3rd period - Wrist shot by Jeff Malott.
15:37 of 3rd period - Stopped by Adin Hill with a rebound.
15:45 of 3rd period - Snap shot by Michael Dal Colle.
15:45 of 3rd period - Stopped by Anthony Stolarz without a rebound.
15:46 of 3rd period - Jack Hughes wins face-off versus Philipp Kurashev in Penguins zone.
15:49 of 3rd period - Snap shot by Jack Hughes.
15:49 of 3rd period - Shot Blocked by Artemi Kniazev.
15:51 of 3rd period - Slapshot by Kevin Bahl.
15:51 of 3rd period - Stopped by Anthony Stolarz with a rebound.
15:53 of 3rd period - Snap shot by Matteson Iacopelli.
15:53 of 3rd period - Goal by Matteson Iacopelli - Eagles : 3 - Penguins : 1.
15:54 of 3rd period - Sam Steel wins face-off versus Clayton Keller in neutral zone.
16:05 of 3rd period - Off-side.
16:06 of 3rd period - Clayton Keller wins face-off versus Sam Steel in neutral zone.
16:11 of 3rd period - Wrist shot by Clayton Keller.
16:11 of 3rd period - Stopped by Adin Hill with a rebound.
16:15 of 3rd period - Wrist shot by Clayton Keller.
16:15 of 3rd period - Stopped by Adin Hill without a rebound.
16:16 of 3rd period - Denis Malgin wins face-off versus Sam Steel in Eagles zone.
16:20 of 3rd period - Snap shot by Denis Malgin.
16:20 of 3rd period - Shot Blocked by Jonathan Racine.
16:22 of 3rd period - Slapshot by Clayton Keller.
16:22 of 3rd period - Stopped by Adin Hill without a rebound.
16:23 of 3rd period - Sam Steel wins face-off versus Jesperi Kotkaniemi in Eagles zone.
16:31 of 3rd period - Snap shot by Pius Suter.
16:31 of 3rd period - Stopped by Anthony Stolarz without a rebound.
16:32 of 3rd period - Sam Steel wins face-off versus Jesperi Kotkaniemi in Penguins zone.
16:45 of 3rd period - Jesper Boqvist is hit by Matthew Phillips and loses puck.
17:10 of 3rd period - Slapshot by Sam Steel.
17:10 of 3rd period - Stopped by Anthony Stolarz without a rebound.
17:11 of 3rd period - Jared McCann wins face-off versus Matthew Boldy in Penguins zone.
17:32 of 3rd period - Minor Penalty to Alexander Romanov for Tripping.
17:33 of 3rd period - Jared McCann wins face-off versus Denis Malgin in Penguins zone.
17:38 of 3rd period - Wrist shot by Gabriel Vilardi.
17:38 of 3rd period - Deflect By Jared McCann.
17:38 of 3rd period - Goal by Jared McCann - Eagles : 4 - Penguins : 1.
17:39 of 3rd period - Jared McCann wins face-off versus Denis Malgin in neutral zone.
17:43 of 3rd period - Minor Penalty to Matthew Finn for Slashing.
17:44 of 3rd period - Jared McCann wins face-off versus Eetu Luostarinen in Penguins zone.
17:53 of 3rd period - Snap shot by Eetu Luostarinen.
17:53 of 3rd period - Goal by Eetu Luostarinen - Eagles : 4 - Penguins : 2.
17:54 of 3rd period - Eetu Luostarinen wins face-off versus Jared McCann in neutral zone.
18:19 of 3rd period - Eetu Luostarinen is hit by Matthew Phillips and loses puck.
19:43 of 3rd period - Penalty to Matthew Finn is over, Matthew Finn is back on ice.
Goals for this period are 2 for Eagles vs 1 for Penguins.
Shots for this period are 8 for Eagles vs 9 for Penguins.